[Event "Titled Tuesday Blitz April 25 Late 2023"]
[White "Hamitevici, Vladimir"]
[Black "Gerbelli Neto, Eduardo"]
[WhiteFideId "13902393"]
[BlackFideId "2103281"]
[WhiteElo "2401"]
[BlackElo "2178"]
[Result "1-0"]
[Round "02"]
[TimeControl "180+2"]
[Date "2023.04.25"]
[WhiteClock "0:00:13"]
[BlackClock "0:00:10"]

1. d4 d5 2. Bf4 Nf6 3. e3 Bf5 4. c4 c6 5. Nc3 e6 6. Qb3 Qb6 7. c5 Qxb3 8. axb3 a6 9. b4 Nbd7 10. b5 cxb5 11. Nxb5 Rc8 12. Nd6+ Bxd6 13. Bxd6 Ne4 14. Bg3 e5 15. Nf3 exd4 16. exd4 O-O 17. Nh4 Nxg3 18. hxg3 Rfe8+ 19. Kd2 Be6 20. Bd3 Nf6 21. f3 g6 22. g4 Kg7 23. g3 Bd7 24. Ng2 h5 25. g5 Nh7 26. f4 Nf8 27. Ne1 Bg4 28. Nc2 Ne6 29. b4 Nc7 30. Rae1 Rxe1 31. Rxe1 Kf8 32. Ne3 Bd7 33. f5 gxf5 34. Bxf5 Bxf5 35. Nxf5 Ne6 36. g6 Rd8 37. gxf7 Kxf7 38. Nd6+ Kf6 39. Rf1+ Kg6 40. Kd3 Ng5 41. Nxb7 Rb8 42. c6 Ne4 43. c7 Rc8 44. Rc1 Kf6 45. Rc6+ Ke7 46. Nc5 Nd6 47. Nxa6 Kd7 48. Nb8+ Ke7 49. Rc5 Ke6 50. Na6 Kd7 51. b5 Ke6 52. b6 Nb7 53. Rc6+ Kd7 54. Rh6 Rg8 55. Nc5+ Nxc5+ 56. dxc5 Rxg3+ 57. Kd4 Rg1 58. Rd6+ 1-0


[Site "https://www.chess.com"]

[Event "Titled Tuesday Blitz April 25 Late 2023"]
[White "Perske, Thore"]
[Black "Van Foreest, Machteld"]
[WhiteFideId "12902195"]
[BlackFideId "1051563"]
[WhiteElo "2336"]
[BlackElo "2018"]
[Result "1-0"]
[Round "02"]
[TimeControl "180+2"]
[Date "2023.04.25"]
[WhiteClock "0:00:23"]
[BlackClock "0:00:01"]

1. d4 Nf6 2. g3 e6 3. Bg2 d5 4. Nf3 Bd6 5. O-O O-O 6. c4 c6 7. Nfd2 Nbd7 8. Nc3 b6 9. e4 dxe4 10. Ndxe4 Nxe4 11. Nxe4 Bc7 12. Bg5 f6 13. Be3 Bb7 14. Qe2 e5 15. Rad1 exd4 16. Bxd4 Qe8 17. Rfe1 c5 18. Bc3 Rb8 19. Qg4 Ne5 20. Bxe5 Bxe5 21. Nd6 Bc8 22. Qe2 Qe7 23. f4 Bxd6 24. Qxe7 Bxe7 25. Rxe7 Bg4 26. Rde1 a5 27. Bd5+ Kh8 28. Kf2 b5 29. b3 bxc4 30. Bxc4 a4 31. Rc7 axb3 32. axb3 Rfc8 33. Ree7 Rxc7 34. Rxc7 Rc8 35. Rxc8+ Bxc8 36. Ke3 g5 37. Ke4 gxf4 38. gxf4 Bb7+ 39. Kf5 Kg7 40. Ke6 Kg6 41. Bd3+ Kg7 42. Kd6 h5 43. Kxc5 Kf7 44. Bc4+ Kg6 45. Bd3+ Kf7 46. Kd6 Bc8 47. b4 Bb7 48. b5 Bf3 49. b6 Bg2 50. Bf5 Bf3 51. h4 Bg2 52. Be6+ 1-0


[Site "https://www.chess.com"]

[Event "Titled Tuesday Blitz April 25 Late 2023"]
[White "Liu, Casper"]
[Black "Belozerov, Andrei"]
[WhiteFideId "1454153"]
[BlackFideId "4120213"]
[WhiteElo "2221"]
[BlackElo "2373"]
[Result "1-0"]
[Round "02"]
[TimeControl "180+2"]
[Date "2023.04.25"]
[WhiteClock "0:01:18"]
[BlackClock "0:00:02"]

1. e4 c5 2. Nf3 d6 3. c3 Nf6 4. Bd3 g6 5. Bc2 Bg7 6. O-O O-O 7. d4 cxd4 8. cxd4 Bg4 9. h3 Bxf3 10. Qxf3 Nc6 11. Rd1 Nd7 12. Be3 Rc8 13. Nc3 a6 14. Rac1 b5 15. Bb1 Nb6 16. b3 b4 17. Ne2 d5 18. e5 e6 19. Qg3 Ne7 20. h4 Qd7 21. h5 Rxc1 22. Nxc1 Rc8 23. hxg6 hxg6 24. Nd3 Nf5 25. Qf3 a5 26. Nc5 Qe7 27. Rc1 Nxe3 28. Qxe3 Kh7 29. Bd3 Bh6 30. Qh3 Kg7 31. Rc2 Nd7 32. Ba6 Ra8 33. Bb5 Nxc5 34. Rxc5 Qb7 35. Bc6 Qa7 36. Bxa8 Qxa8 37. Qd3 a4 38. Qc2 axb3 39. Qxb3 Bd2 40. Rc7 Bc3 41. a3 Qxa3 42. Qxa3 1-0


[Site "https://www.chess.com"]

[Event "Titled Tuesday Blitz April 25 Late 2023"]
[White "Suder, Jakub"]
[Black "Luong Phuong Hanh"]
[WhiteFideId "1195310"]
[BlackFideId "12401013"]
[WhiteElo "2287"]
[BlackElo "2081"]
[Result "0-1"]
[Round "02"]
[TimeControl "180+2"]
[Date "2023.04.25"]
[WhiteClock "0:01:26"]
[BlackClock "0:00:19"]

1. d4 Nf6 2. c4 g6 3. Nc3 d5 4. cxd5 Nxd5 5. e4 Nxc3 6. bxc3 Bg7 7. Bc4 O-O 8. Ne2 c5 9. Be3 Nc6 10. h4 Na5 11. Bd3 b6 12. h5 Qc7 13. Rc1 Rd8 14. f3 Be6 15. h6 Bh8 16. Kf2 Bxa2 17. Qc2 Bc4 18. Rhd1 Bxd3 19. Qxd3 Nb3 20. Rb1 c4 21. Qc2 a5 22. Nf4 a4 23. Nd5 Rxd5 24. exd5 a3 25. Rxb3 cxb3 26. Qxb3 b5 27. Ra1 Qa5 28. Bg5 b4 29. cxb4 Bxd4+ 30. Be3 Qb6 31. Rxa3 Rxa3 32. Qxa3 Bxe3+ 33. Qxe3 Qxb4 34. Qe5 Qd2+ 35. Kg3 Qxh6 36. Qxe7 g5 37. Qe8+ Kg7 38. Qe5+ Kg8 39. Kf2 Qb6+ 40. Qe3 Qb2+ 41. Kg3 Qb8+ 42. Kg4 h6 43. g3 Qc8+ 44. Kh5 Qh3# 0-1


[Site "https://www.chess.com"]

[Event "Titled Tuesday Blitz April 25 Late 2023"]
[White "Luukkonen, Tommi"]
[Black "Chernobay, Artem"]
[WhiteFideId "501808"]
[BlackFideId "4167406"]
[WhiteElo "2296"]
[BlackElo "2474"]
[Result "0-1"]
[Round "02"]
[TimeControl "180+2"]
[Date "2023.04.25"]
[WhiteClock "0:00:37"]
[BlackClock "0:00:36"]

1. e4 c5 2. Nf3 d6 3. d4 cxd4 4. Nxd4 Nf6 5. Nc3 a6 6. Bd3 e6 7. f4 Qc7 8. Qf3 Be7 9. O-O b5 10. e5 Bb7 11. Qg3 Nh5 12. Qg4 dxe5 13. Qxh5 exd4 14. Ne4 g6 15. Qe2 Nd7 16. a4 b4 17. a5 O-O 18. Bd2 Nf6 19. Ng5 Nd5 20. Qg4 Ne3 21. Bxe3 dxe3 22. Qh3 Bxg5 23. fxg5 Qc5 24. Qg3 b3 25. cxb3 Rad8 26. Be2 Rd2 27. Rae1 Rxb2 28. Kh1 Rxb3 29. Bf3 Bxf3 30. Rxf3 Qxa5 31. Rfxe3 Rxe3 32. Qxe3 Qb4 33. Rf1 a5 34. h4 Qxh4+ 35. Kg1 Rd8 36. Qf3 Rd7 37. Qa8+ Kg7 38. Qxa5 Qd4+ 39. Kh2 Rd5 40. Qc7 Qe5+ 0-1


[Site "https://www.chess.com"]

[Event "Titled Tuesday Blitz April 25 Late 2023"]
[White "Ibadov, Dashgyn"]
[Black "Ansh M Shah"]
[WhiteFideId "24107514"]
[BlackFideId "25033379"]
[WhiteElo "2208"]
[BlackElo "2084"]
[Result "1-0"]
[Round "02"]
[TimeControl "180+2"]
[Date "2023.04.25"]
[WhiteClock "0:00:30"]
[BlackClock "0:00:08"]

1. e4 c6 2. d4 d5 3. exd5 cxd5 4. Bd3 Nc6 5. c3 Nf6 6. h3 e5 7. dxe5 Nxe5 8. Nf3 Nxd3+ 9. Qxd3 Bd6 10. O-O O-O 11. Bg5 h6 12. Bh4 g5 13. Bg3 Bxg3 14. fxg3 Qb6+ 15. Qd4 Qxd4+ 16. Nxd4 Ne4 17. g4 Be6 18. Na3 a6 19. Nac2 Rae8 20. Ne3 Kh7 21. a4 Kg6 22. a5 Nc5 23. Rad1 Ne4 24. Rf3 Rc8 25. Ndf5 Rfd8 26. Ne7+ Kg7 27. Nxc8 Rxc8 28. Nxd5 Rc5 29. Ne3 Rxa5 30. Rd4 Nf6 31. Nf5+ Bxf5 32. Rxf5 Ra2 33. Rd6 Ne4 34. Rb6 Ng3 35. Rf3 Ra1+ 36. Kf2 Ne4+ 37. Ke3 Nc5 38. Rf5 Nd7 39. Rxb7 Nf6 40. c4 Re1+ 41. Kd4 Re4+ 42. Kd3 Re6 43. c5 Rd6+ 44. cxd6 1-0


[Site "https://www.chess.com"]

[Event "Titled Tuesday Blitz April 25 Late 2023"]
[White "Schuster, Karsten"]
[Black "Janaszak, Dawid"]
[WhiteFideId "4611071"]
[BlackFideId "1119206"]
[WhiteElo "2294"]
[BlackElo "2220"]
[Result "0-1"]
[Round "02"]
[TimeControl "180+2"]
[Date "2023.04.25"]
[WhiteClock "0:00:10"]
[BlackClock "0:00:16"]

1. d4 Nf6 2. c4 c5 3. d5 b5 4. Nf3 g6 5. Nc3 b4 6. Nb1 d6 7. Bg5 Ne4 8. Bf4 Bg7 9. Qc1 O-O 10. Nbd2 Bf5 11. Nxe4 Bxe4 12. Nd2 Bf5 13. e4 Bc8 14. Bd3 Nd7 15. O-O Ne5 16. Be2 f5 17. Qc2 fxe4 18. Bg5 Bf5 19. Nxe4 Qd7 20. f3 a5 21. Rae1 a4 22. b3 axb3 23. axb3 Ra3 24. Bd3 Rfa8 25. g4 Ra2 26. Qb1 Bxg4 27. Be2 Bxf3 28. Bxf3 Qh3 29. Re2 Nxf3+ 30. Rxf3 Bd4+ 31. Nf2 Qxf3 32. Rxa2 Rxa2 33. Qxa2 Qg4+ 34. Kf1 Qxg5 35. Nh3 Qf5+ 36. Kg2 Qg4+ 37. Kh1 Qe4+ 38. Qg2 Qe1+ 39. Ng1 Qxg1+ 40. Qxg1 Bxg1 41. Kxg1 Kg7 42. Kg2 Kf6 43. Kf3 Ke5 44. Ke3 g5 45. h3 h5 46. Kd3 Kf4 47. Ke2 Kg3 48. Ke3 Kxh3 49. Kf3 g4+ 50. Kf4 g3 51. Kf5 g2 52. Ke6 g1=Q 53. Kxe7 Qg3 54. Kd7 Qe5 55. Kc6 Kg4 0-1


[Site "https://www.chess.com"]

[Event "Titled Tuesday Blitz April 25 Late 2023"]
[White "Arnold, Ken"]
[Black "Srinath, Rao S.V."]
[WhiteFideId "2056836"]
[BlackFideId "5028876"]
[WhiteElo "2355"]
[BlackElo "2196"]
[Result "1-0"]
[Round "02"]
[TimeControl "180+2"]
[Date "2023.04.25"]
[WhiteClock "0:00:19"]
[BlackClock "0:00:01"]

1. d4 Nf6 2. c4 g6 3. Nf3 Bg7 4. Nc3 O-O 5. Bf4 d6 6. e3 c5 7. d5 a6 8. Be2 Bd7 9. O-O Qe8 10. Qb3 b5 11. cxb5 axb5 12. Nxb5 Na6 13. a4 Rb8 14. Bc4 Nb4 15. Rfd1 Nh5 16. Bg3 Nxg3 17. hxg3 Bf5 18. Rd2 Qd7 19. Re1 Be4 20. Ng5 Qf5 21. Nxe4 Qxe4 22. Be2 Qf5 23. Bf3 Qe5 24. e4 Rfc8 25. Qc4 f5 26. Rde2 f4 27. gxf4 Qxf4 28. Re3 Be5 29. g3 Qh6 30. Bg4 Rf8 31. Be6+ Kh8 32. Qe2 Rf6 33. Rf1 Rbf8 34. f4 Qh3 35. Qg2 Qxg2+ 36. Kxg2 Bxb2 37. Ref3 Bd4 38. Nxd4 cxd4 39. e5 dxe5 40. fxe5 Rxf3 41. Rxf3 Rxf3 42. Kxf3 Na6 43. d6 1-0


[Site "https://www.chess.com"]

[Event "Titled Tuesday Blitz April 25 Late 2023"]
[White "Martic, Ivan"]
[Black "Jarocka, Liwia"]
[WhiteFideId "929301"]
[BlackFideId "21807558"]
[WhiteElo "2360"]
[BlackElo "2013"]
[Result "1-0"]
[Round "02"]
[TimeControl "180+2"]
[Date "2023.04.25"]
[WhiteClock "0:00:18"]
[BlackClock "0:00:07"]

1. d4 d6 2. c4 Nf6 3. Nc3 g6 4. e4 Bg7 5. h3 O-O 6. Be3 e5 7. d5 Nbd7 8. Nf3 Nc5 9. Nd2 a5 10. g4 Nfd7 11. Be2 Kh8 12. h4 f5 13. f3 a4 14. g5 Kg8 15. b4 axb3 16. axb3 Rxa1 17. Qxa1 Rf7 18. b4 Na6 19. Qa3 Bf8 20. Nb5 c6 21. Na7 cxd5 22. cxd5 fxe4 23. fxe4 Ndb8 24. Nxc8 Qxc8 25. Nc4 b5 26. Nd2 Qc2 27. Bg4 Kh8 28. h5 gxh5 29. Rxh5 Nxb4 30. Qxb4 Qc1+ 31. Ke2 Nd7 32. g6 Rg7 33. Rxh7+ Rxh7 34. gxh7 Nf6 35. Bf5 Qh1 36. Qxb5 Qg2+ 37. Kd3 Nxh7 38. Bxh7 Kxh7 39. Qd7+ Kg8 40. Qe6+ Kh8 41. Qf6+ Kg8 42. Qf3 Qg6 43. Nf1 Qe8 44. Ke2 Qb5+ 45. Kf2 Qb1 46. Ng3 Qc2+ 47. Qe2 Qb1 48. Qg4+ Kh8 49. Nf5 Qc2+ 50. Kg3 Qb1 51. Qf3 Qe1+ 52. Bf2 Qa1 53. Nh4 Qb1 54. Qxf8+ Kh7 55. Qf7+ 1-0


[Site "https://www.chess.com"]

[Event "Titled Tuesday Blitz April 25 Late 2023"]
[White "Szente Varga, Fruzsina"]
[Black "Vlassov, Nikolai"]
[WhiteFideId "712264"]
[BlackFideId "4103360"]
[WhiteElo "1994"]
[BlackElo "2324"]
[Result "1-0"]
[Round "02"]
[TimeControl "180+2"]
[Date "2023.04.25"]
[WhiteClock "0:00:10"]
[BlackClock "0:00:04"]

1. e4 Nc6 2. d4 d5 3. e5 h5 4. c3 Bg4 5. f3 Bf5 6. Bd3 Qd7 7. Ne2 O-O-O 8. Be3 f6 9. f4 g5 10. Qc2 Bxd3 11. Qxd3 gxf4 12. Bxf4 fxe5 13. dxe5 e6 14. Nd2 Qh7 15. Qh3 Re8 16. Nd4 Nxd4 17. cxd4 c5 18. Rc1 Kb8 19. dxc5 Ne7 20. Qxe6 Bg7 21. O-O Nc6 22. Qxd5 Bxe5 23. Nc4 Bxf4 24. Rxf4 Re2 25. Rf7 Qg6 26. Rcf1 a6 27. Nd6 Ka8 28. Rxb7 Rg8 29. g3 Rxh2 30. Rg7 Rxg7 31. Qxc6+ Ka7 32. Qb6+ Ka8 33. Rf8+ 1-0


[Site "https://www.chess.com"]

[Event "Titled Tuesday Blitz April 25 Late 2023"]
[White "Kavutskiy, Konstantin"]
[Black "Ardila, Oscar Humberto"]
[WhiteFideId "2026384"]
[BlackFideId "4404742"]
[WhiteElo "2323"]
[BlackElo "1918"]
[Result "1-0"]
[Round "02"]
[TimeControl "180+2"]
[Date "2023.04.25"]
[WhiteClock "0:00:23"]
[BlackClock "0:00:53"]

1. d4 Nf6 2. Bg5 e6 3. Nd2 Be7 4. e4 d6 5. Bd3 Nbd7 6. Ngf3 h6 7. Bh4 O-O 8. O-O c5 9. c3 b6 10. Qe2 Bb7 11. h3 e5 12. dxe5 Nxe5 13. Nxe5 dxe5 14. Rad1 Qc7 15. Bc4 Rad8 16. Bxf6 Bxf6 17. Rfe1 Rd6 18. Nf1 Rfd8 19. Rxd6 Qxd6 20. Qh5 Qf8 21. Ng3 g6 22. Qxg6+ Qg7 23. Bxf7+ Kf8 24. Nf5 Qxf7 25. Qxh6+ Bg7 26. Qh7 Qg8 27. Qh4 Rd3 28. Qe7# 1-0


[Site "https://www.chess.com"]

[Event "Titled Tuesday Blitz April 25 Late 2023"]
[White "Kohler, Aran"]
[Black "Arencibia Monduy, Antonio"]
[WhiteFideId "1002856"]
[BlackFideId "3507939"]
[WhiteElo "2010"]
[BlackElo "2122"]
[Result "1/2-1/2"]
[Round "02"]
[TimeControl "180+2"]
[Date "2023.04.25"]
[WhiteClock "0:00:34"]
[BlackClock "0:00:13"]

1. e4 e6 2. d4 d5 3. Nc3 dxe4 4. Nxe4 Nd7 5. Nf3 Ngf6 6. Nxf6+ Nxf6 7. c3 Be7 8. Bd3 O-O 9. O-O b6 10. Re1 Bb7 11. Bg5 h6 12. Bh4 c5 13. dxc5 bxc5 14. Bg3 Qb6 15. Qe2 Rad8 16. Ne5 Bd5 17. b3 Nd7 18. Rad1 Nxe5 19. Bxe5 Bd6 20. Bxd6 Rxd6 21. c4 Bb7 22. Be4 Rfd8 23. Rxd6 Rxd6 24. Bxb7 Qxb7 25. Rd1 Qd7 26. Rxd6 Qxd6 27. g3 e5 28. Kg2 g6 29. f3 Kg7 30. Qb2 a5 31. Qc3 Qc7 32. f4 f6 33. fxe5 fxe5 34. h4 h5 35. Qe1 Kf6 36. Qf2+ Kg7 37. Qe3 Qd6 38. Qc3 Qc6+ 39. Kh2 Qc7 40. Qe3 Qe7 41. Qc3 Qc7 42. Qf3 Qd7 43. Qc3 Qd4 44. Qxa5 Qf2+ 45. Kh3 Qf5+ 46. Kh2 Qc2+ 47. Kh3 Qf5+ 48. Kh2 Qc2+ 49. Kh3 Qf5+ 1/2-1/2


[Site "https://www.chess.com"]

[Event "Titled Tuesday Blitz April 25 Late 2023"]
[White "Koc, Przemyslaw"]
[Black "Albuquerque Junior,Wellington S."]
[WhiteFideId "1109081"]
[BlackFideId "2151480"]
[WhiteElo "2161"]
[BlackElo "2109"]
[Result "1-0"]
[Round "02"]
[TimeControl "180+2"]
[Date "2023.04.25"]
[WhiteClock "0:00:27"]
[BlackClock "0:00:01"]

1. Nf3 c5 2. g3 g6 3. Bg2 Nc6 4. O-O Bg7 5. d3 Nf6 6. e4 O-O 7. Nbd2 b6 8. c3 Bb7 9. Qe2 d5 10. e5 Ne8 11. Re1 Nc7 12. Nf1 Ne6 13. h4 d4 14. c4 h6 15. N1h2 Qd7 16. Ng4 h5 17. Ngh2 a6 18. b3 Rad8 19. g4 hxg4 20. Nxg4 Kh7 21. Bh3 Rh8 22. Ng5+ Kg8 23. Nxe6 fxe6 24. Bg5 Rf8 25. Bg2 Nd8 26. Be4 Bxe4 27. Qxe4 Rf5 28. f4 Nf7 29. Kg2 Nxg5 30. hxg5 Kf7 31. Rh1 Rxh1 32. Rxh1 b5 33. Kg3 bxc4 34. bxc4 Qa4 35. Qg2 Qa3 36. Qe2 Qb4 37. Nf2 a5 38. Ne4 a4 39. Qc2 Bxe5 40. fxe5 Rxe5 41. Rh7+ Kf8 42. Rh8+ Kg7 43. Qh2 Qe1+ 44. Kg4 1-0


[Site "https://www.chess.com"]

[Event "Titled Tuesday Blitz April 25 Late 2023"]
[White "Aigner, Michael"]
[Black "Omelja, Artem"]
[WhiteFideId "2017288"]
[BlackFideId "14119846"]
[WhiteElo "1966"]
[BlackElo "2404"]
[Result "1-0"]
[Round "02"]
[TimeControl "180+2"]
[Date "2023.04.25"]
[WhiteClock "0:00:15"]
[BlackClock "0:00:01"]

1. e4 c5 2. Nc3 Nc6 3. g3 g6 4. Bg2 Bg7 5. d3 d6 6. f4 e6 7. Nf3 Nge7 8. Be3 Nd4 9. e5 Nec6 10. exd6 Qxd6 11. O-O O-O 12. Ne4 Qe7 13. c3 Nxf3+ 14. Qxf3 b6 15. Nxc5 bxc5 16. Qxc6 Rb8 17. Rf2 Bb7 18. Qxc5 Qd7 19. Rd1 Bxg2 20. Rxg2 Rb6 21. Qa3 Rb7 22. Bc5 Rc8 23. b4 e5 24. fxe5 Bxe5 25. d4 Bg7 26. Re2 Qg4 27. Rde1 h5 28. Qc1 h4 29. Re4 Qf3 30. Rxh4 a5 31. a3 axb4 32. axb4 Ra8 33. Rf4 Qd5 34. Qe3 Ra2 35. Qf3 Qd7 36. Re7 Qxe7 37. Bxe7 Rxe7 38. Re4 Ra1+ 39. Kg2 Rea7 40. Re8+ Kh7 41. Re2 Rb1 42. Rf2 f5 43. Qf4 Ra3 44. Qh4+ Bh6 45. Re2 Ra7 46. Re7+ Rxe7 47. Qxe7+ Bg7 48. Qc5 Rb2+ 49. Kh3 Kh6 50. g4 fxg4+ 51. Kxg4 Rxh2 52. b5 Rg2+ 53. Kf3 Rb2 54. b6 Bf6 55. Qc6 Bd8 56. b7 Ba5 57. Qc8 Bxc3 58. Qxc3 Rxb7 59. Qc6 Rf7+ 60. Kg4 Rf1 61. d5 Rg1+ 62. Kf3 Kh5 63. d6 Rf1+ 64. Kg2 Rf6 65. Qc7 Rf7 1-0


[Site "https://www.chess.com"]

[Event "Titled Tuesday Blitz April 25 Late 2023"]
[White "Kostiukov, Alexandr"]
[Black "Aggelis, Nikolaos"]
[WhiteFideId "14108100"]
[BlackFideId "4213220"]
[WhiteElo "2202"]
[BlackElo "2189"]
[Result "0-1"]
[Round "02"]
[TimeControl "180+2"]
[Date "2023.04.25"]
[WhiteClock "0:00:01"]
[BlackClock "0:00:04"]

1. g3 f5 2. Bg2 Nf6 3. d4 d5 4. c4 e6 5. Nf3 c6 6. O-O Bd6 7. Qb3 O-O 8. Nc3 Kh8 9. Bf4 Bxf4 10. gxf4 Qc7 11. e3 Bd7 12. Ne5 Be8 13. Rac1 Qe7 14. Bf3 Bh5 15. Bxh5 Nxh5 16. Kh1 Nf6 17. Rg1 Ne4 18. Nxe4 fxe4 19. Rg3 Rf6 20. Rcg1 g6 21. h4 dxc4 22. Qxc4 Nd7 23. h5 Nxe5 24. dxe5 Rf5 25. hxg6 Rh5+ 26. Kg2 Rg8 27. Qxe4 Qh4 28. Kf3 hxg6 29. Ke2 Rh6 30. Rg5 Kh7 31. Qd4 Rg7 32. Qxa7 Rh5 33. Qd4 Rxg5 34. Rxg5 Qh1 35. Qd1 Qe4 36. Qd3 Qh1 0-1


[Site "https://www.chess.com"]

[Event "Titled Tuesday Blitz April 25 Late 2023"]
[White "Kepeshchuk, Mykhaylo"]
[Black "Panico, Nick"]
[WhiteFideId "14113139"]
[BlackFideId "2026724"]
[WhiteElo "2279"]
[BlackElo "1982"]
[Result "1-0"]
[Round "02"]
[TimeControl "180+2"]
[Date "2023.04.25"]
[WhiteClock "0:00:18"]
[BlackClock "0:01:27"]

1. d4 f5 2. c4 Nf6 3. g3 g6 4. Bg2 Bg7 5. Nf3 O-O 6. O-O d6 7. d5 Na6 8. Nc3 Bd7 9. Nd4 Nc5 10. Qc2 Nfe4 11. Nxe4 Nxe4 12. Rd1 Nf6 13. b3 Qe8 14. Bb2 c5 15. Ne6 Bxe6 16. dxe6 Rb8 17. Rab1 Nh5 18. Bc1 Kh8 19. e4 fxe4 20. Qxe4 Nf6 21. Qe2 Kg8 22. h3 Nh5 23. Kh2 Bd4 24. f4 Rf6 25. b4 Ng7 26. bxc5 Bxc5 27. Rxb7 Rxb7 28. Bxb7 Nxe6 29. Bd5 Qd7 30. Bb2 Kf7 31. Re1 g5 32. Bxf6 Kxf6 33. Bxe6 Qc7 34. Qb2+ Kg6 35. f5+ Kh6 36. Qh8 Qb6 37. Qf8+ Kh5 38. g4+ Kh4 39. Qh6# 1-0


[Site "https://www.chess.com"]

[Event "Titled Tuesday Blitz April 25 Late 2023"]
[White "Tsyhanchuk, Stanislav"]
[Black "Lopez Gracia, Fernando"]
[WhiteFideId "13505130"]
[BlackFideId "2207184"]
[WhiteElo "2173"]
[BlackElo "2255"]
[Result "1-0"]
[Round "02"]
[TimeControl "180+2"]
[Date "2023.04.25"]
[WhiteClock "0:02:42"]
[BlackClock "0:02:34"]

1. c4 c6 2. Nc3 d5 3. e3 Nf6 4. Nf3 Bg4 5. cxd5 cxd5 6. Qb3 Bxf3 7. Qxb7 d4 8. Qxf3 dxc3 9. Qxa8 cxd2+ 10. Bxd2 e6 11. Bb5+ Nbd7 12. Qxa7 Bc5 13. Qxc5 1-0


[Site "https://www.chess.com"]

[Event "Titled Tuesday Blitz April 25 Late 2023"]
[White "Jaskolka, Tomasz"]
[Black "Leschinsky, Gary"]
[WhiteFideId "1170791"]
[BlackFideId "30951321"]
[WhiteElo "2155"]
[BlackElo "1855"]
[Result "1-0"]
[Round "02"]
[TimeControl "180+2"]
[Date "2023.04.25"]
[WhiteClock "0:00:22"]
[BlackClock "0:00:59"]

1. d4 d5 2. Bf4 c5 3. e3 Nc6 4. c3 cxd4 5. exd4 f6 6. Nf3 g5 7. Bg3 h5 8. h4 g4 9. Nfd2 Bf5 10. Nb3 e6 11. Bd3 Nh6 12. Bf4 Bd6 13. Bxh6 Rxh6 14. Bxf5 exf5 15. N1d2 Kf7 16. Qe2 Qd7 17. O-O-O Rhh8 18. Qb5 Be7 19. Rde1 a6 20. Qb6 Rhc8 21. Nc5 Bxc5 22. dxc5 Ne5 23. Kb1 Rc6 24. Qa5 Nd3 25. Re3 Nxc5 26. Rhe1 Ne4 27. Nb3 b6 28. Qa4 b5 29. Qa5 f4 30. R3e2 f3 31. gxf3 gxf3 32. Re3 Rc4 33. Nd4 b4 34. Rxe4 dxe4 35. Qxh5+ Kf8 36. Qh8+ Kf7 37. Qh7+ Ke8 38. Rxe4+ Kd8 39. Qg8+ Kc7 40. Qxc4+ Kb7 41. Qxb4+ Ka7 42. Re7 1-0


[Site "https://www.chess.com"]

[Event "Titled Tuesday Blitz April 25 Late 2023"]
[White "Rios Escobar, Adan"]
[Black "Kraus, Tomas"]
[WhiteFideId "3403645"]
[BlackFideId "331708"]
[WhiteElo "2234"]
[BlackElo "2389"]
[Result "1-0"]
[Round "02"]
[TimeControl "180+2"]
[Date "2023.04.25"]
[WhiteClock "0:00:05"]
[BlackClock "0:00:01"]

1. d4 Nf6 2. g3 e6 3. c4 Bb4+ 4. Nd2 O-O 5. Bg2 d5 6. Nf3 b6 7. O-O Bb7 8. Qc2 Nbd7 9. cxd5 Bxd5 10. e4 Bb7 11. a3 Be7 12. b4 c5 13. bxc5 bxc5 14. Rb1 Qc8 15. Rxb7 Qxb7 16. Ng5 g6 17. d5 exd5 18. exd5 Nxd5 19. Nde4 N7b6 20. a4 a5 21. Rd1 Rfd8 22. Bb2 Nxa4 23. Bf6 Qb4 24. Rxd5 Rxd5 25. Bxe7 Qe1+ 26. Bf1 Rd1 27. Qc4 Qxf1+ 28. Qxf1 Rxf1+ 29. Kxf1 c4 30. Ke2 Nb6 31. Kd2 Nd5 32. Nf6+ Nxf6 33. Bxf6 a4 34. Ne4 a3 35. Ba1 a2 36. Kc2 Rb8 37. Nc3 Rb3 38. Nxa2 Rf3 39. Bd4 Rd3 40. Be3 f5 41. Nb4 Rb3 42. Nd5 Ra3 43. Nb6 Rb3 44. Nxc4 Rb4 45. Kc3 Rb1 46. h4 Rh1 47. Kd4 Kf7 48. Ke5 Re1 49. Nd6+ Kg7 50. Ne8+ Kf7 51. Nf6 h6 52. Nd5 1-0


[Site "https://www.chess.com"]

[Event "Titled Tuesday Blitz April 25 Late 2023"]
[White "Stanisz, Patryk"]
[Black "Mikhalsky, Vladimir"]
[WhiteFideId "1123106"]
[BlackFideId "14144352"]
[WhiteElo "2069"]
[BlackElo "2236"]
[Result "1-0"]
[Round "02"]
[TimeControl "180+2"]
[Date "2023.04.25"]
[WhiteClock "0:01:04"]
[BlackClock "0:00:36"]

1. d4 Nf6 2. c4 g6 3. Nc3 Bg7 4. e4 O-O 5. Be2 d6 6. g4 e5 7. d5 c6 8. g5 Nfd7 9. h4 cxd5 10. cxd5 f5 11. gxf6 Qxf6 12. Be3 Nc5 13. h5 g5 14. h6 Bxh6 15. Qd2 b5 16. Bxb5 Ba6 17. Be2 Bxe2 18. Qxe2 Nba6 19. O-O-O Nb4 20. Kb1 Nbd3 21. Rxd3 Nxd3 22. Qxd3 Bg7 23. Nge2 Rab8 24. Ng3 Qf3 25. Rc1 Rfc8 26. Nf5 Bf8 27. Qa6 Rxc3 28. Rxc3 Qh1+ 29. Bc1 Qxe4+ 30. Qd3 Qb4 31. Rb3 e4 32. Rxb4 exd3 33. Rxb8 1-0


[Site "https://www.chess.com"]

[Event "Titled Tuesday Blitz April 25 Late 2023"]
[White "Kubatko, Ivan"]
[Black "Chakravarthi Reddy, M"]
[WhiteFideId "24111473"]
[BlackFideId "25009532"]
[WhiteElo "2285"]
[BlackElo "2201"]
[Result "1-0"]
[Round "02"]
[TimeControl "180+2"]
[Date "2023.04.25"]
[WhiteClock "0:00:08"]
[BlackClock "0:00:01"]

1. e4 g6 2. d4 Bg7 3. Nc3 d6 4. f4 a6 5. a4 Nd7 6. Nf3 c5 7. d5 Nh6 8. Bd3 O-O 9. O-O e6 10. Kh1 exd5 11. Nxd5 Nf6 12. c4 Nxd5 13. cxd5 Bg4 14. Qc2 f5 15. e5 Bxf3 16. gxf3 dxe5 17. fxe5 Kh8 18. Qxc5 Rc8 19. Qd4 f4 20. Bxf4 Qh4 21. Be3 Qh5 22. f4 Ng4 23. Bg1 Qh3 24. Be4 g5 25. Bg2 Qh5 26. d6 gxf4 27. d7 Rcd8 28. Rxf4 Rxf4 29. Qxf4 Bxe5 30. Bd4 Bxd4 31. Qxd4+ Qe5 32. Qxg4 Qxb2 33. Rd1 b5 34. axb5 axb5 35. Qd4+ Qxd4 36. Rxd4 1-0


[Site "https://www.chess.com"]

[Event "Titled Tuesday Blitz April 25 Late 2023"]
[White "Meunier-Pion, Jean"]
[Black "Botez, Alexandra"]
[WhiteFideId "20685327"]
[BlackFideId "2603365"]
[WhiteElo "2124"]
[BlackElo "2059"]
[Result "1-0"]
[Round "02"]
[TimeControl "180+2"]
[Date "2023.04.25"]
[WhiteClock "0:00:05"]
[BlackClock "0:00:06"]

1. e4 e6 2. d4 d5 3. Nd2 c5 4. Ngf3 Nf6 5. exd5 Qxd5 6. Bc4 Qd7 7. O-O cxd4 8. Nb3 Nc6 9. Nbxd4 Nxd4 10. Nxd4 a6 11. Re1 Be7 12. c3 O-O 13. Qf3 Qc7 14. Bb3 Bd6 15. Bg5 Bxh2+ 16. Kh1 Be5 17. Qe2 Bxd4 18. cxd4 Nd5 19. Rac1 Qd6 20. Qe4 Bd7 21. Bc2 f5 22. Qf3 h6 23. Bh4 Nf6 24. Bg3 Qxd4 25. Rcd1 Qb6 26. Bb3 Rae8 27. Bd6 Rf7 28. Be5 Ne4 29. Bd4 Qc7 30. Be3 Qd8 31. Ba4 Qh4+ 32. Kg1 Bxa4 33. Rd4 Bc6 34. Qe2 Qh5 35. Qxh5 Nf6 36. Qe2 Bd5 37. b3 Ne4 38. f3 Nc3 39. Qd2 Nb5 40. Rxd5 exd5 41. Qxd5 Nc3 42. Qc4 Nb5 43. Bf2 Rf8 44. Bc5 Rc8 45. Qd5 Rc7 46. Re7 Rxe7 47. Bxe7 g6 48. a4 Nc3 49. Qd8+ Kg7 50. Qd4+ Kg8 51. Qd8+ Kg7 52. Ba3 Ne2+ 53. Kf2 Nf4 54. Bb2+ 1-0


[Site "https://www.chess.com"]

[Event "Titled Tuesday Blitz April 25 Late 2023"]
[White "Erzhanov, Arman"]
[Black "Simonovic, Miroslav"]
[WhiteFideId "4138821"]
[BlackFideId "919152"]
[WhiteElo "2138"]
[BlackElo "2042"]
[Result "1-0"]
[Round "02"]
[TimeControl "180+2"]
[Date "2023.04.25"]
[WhiteClock "0:02:03"]
[BlackClock "0:01:17"]

1. e4 c5 2. Nf3 Nc6 3. Bb5 g6 4. O-O Bg7 5. c3 e5 6. d4 exd4 7. cxd4 Nxd4 8. Nxd4 cxd4 9. Bf4 Ne7 10. Nd2 O-O 11. Bd6 Re8 12. Bc4 Nc6 13. f4 Re6 14. Bxe6 dxe6 15. e5 Bf8 16. Ne4 Bxd6 17. Nxd6 f6 18. Qe2 a5 19. Rac1 Ra6 20. Ne4 fxe5 21. fxe5 Nxe5 22. Nf6+ 1-0


[Site "https://www.chess.com"]